Map: Catalyst LE

Players

MaNa - Winner!

  • Race: Protoss Protoss
  • Spawn Location: 11:00

Ziggy

  • Race: Terran Terran
  • Spawn Location: 5:00

Event: WCS Leipzig 2018

VOD

Have the link to the VOD?

Description

Time

  • Played on: Jan. 26, 2018, 7:13 a.m.
  • Length: 9:12

All games in this series

Show
View Real Time Build Order
Export as new Build Order

MaNa Protoss - Winner!

Build Orders: Oracle Opening 

Get SALT Encoding   

  12  0:00  Probe  
  13  0:12  Probe  
  14  0:20  Pylon  
  14  0:24  Probe  
  15  0:38  Probe (Chrono Boost)  
  15  0:41  Gateway  
  16  0:46  Assimilator  
  16  0:47  Probe (Chrono Boost)  
  17  0:52  Probe (Chrono Boost)  
  17  0:55  Assimilator  
  19  1:04  Probe (Chrono Boost)  
  19  1:11  Probe (Chrono Boost)  
  20  1:18  Probe  
  21  1:28  Cybernetics Core  
  21  1:30  Probe  
  22  1:36  Pylon  
  22  1:42  Probe  
  23  2:06  Stalker (Chrono Boost)  
  26  2:08  Warp Gate  
  26  2:13  Stargate  
  26  2:15  Probe  
  26  2:18  Pylon  
  26  2:27  Probe  
  26  2:28  Stalker  
  28  2:52  Nexus  
  28  2:57  Probe, Oracle  
  32  3:02  Stalker  
  34  3:10  Probe  
  35  3:27  Gateway x2  
  36  3:34  Probe  
  36  3:36  Shield Battery  
  36  3:46  Probe  
  37  3:58  Probe (Chrono Boost)  
  38  4:04  Probe (Chrono Boost)  
  43  4:10  Probe (Chrono Boost)  
  43  4:13  Robotics Facility  
  43  4:15  Probe (Chrono Boost)  
  43  4:16  Sentry  
  46  4:18  Probe (Chrono Boost)  
  46  4:19  Probe (Chrono Boost)  
  48  4:26  Probe  
  48  4:30  Probe  
  50  4:33  Pylon  
  50  4:37  Pylon  
  47  4:51  Probe x2  
  49  4:53  Adept, Shield Battery, Zealot  
  49  4:56  Stalker  
  49  4:58  Immortal (Chrono Boost)  
  55  5:04  Probe x2  
  61  5:08  Pylon  
  61  5:09  Pylon  
  61  5:16  Probe  
  62  5:21  Assimilator  
  62  5:23  Assimilator  
  62  5:26  Probe  
  63  5:33  Immortal  
  63  5:35  Robotics Bay  
  67  5:36  Forge  
  67  5:38  Probe  
  67  5:39  Probe  
  69  5:47  Twilight Council  
  69  5:50  Probe  
  69  5:52  Probe  
  71  6:10  Nexus  
  71  6:13  Protoss Ground Armor Level 1 (Chrono Boost)  
  71  6:15  Charge  
  71  6:20  Colossus (Chrono Boost)  
  71  6:23  Extended Thermal Lance, Pylon  
  77  6:28  Pylon  
  77  6:34  Pylon  
  77  6:41  Probe x2  
  77  6:42  Sentry  
  77  6:44  Pylon  
  77  6:45  Shield Battery  
  81  7:00  Zealot x2  
  85  7:04  Probe  
  85  7:06  Colossus  
  92  7:15  Gateway  
  92  7:17  Gateway  
  92  7:25  Probe  
  92  7:26  Gateway  
  92  7:28  Probe x2  
  95  7:38  Probe  
  95  7:40  Probe x2  
  98  7:45  Zealot x3  
  98  7:51  Shield Battery  
  104  7:54  Pylon  
  104  7:55  Pylon  
  104  8:00  Colossus (Chrono Boost)  
  110  8:08  Probe x2  
  110  8:11  Stalker  
  114  8:22  Stalker, Pylon  
  113  8:34  Stalker  
  113  8:35  Stalker x3  
  121  8:47  Observer  
  122  8:54  Stalker x2  
  126  8:59  Gateway  
  126  9:00  Zealot x4  
  126  9:01  Gateway  
Show
View Real Time Build Order
Export as new Build Order

Ziggy Terran 

Build Orders: MMM Bio 

Get SALT Encoding   

  12  0:00  SCV  
  13  0:12  SCV  
  14  0:17  Supply Depot  
  14  0:24  SCV  
  15  0:39  SCV  
  15  0:40  Barracks  
  16  0:45  Refinery  
  16  0:51  SCV  
  17  1:03  SCV  
  18  1:15  SCV  
  19  1:27  Marine  
  19  1:29  Orbital Command  
  20  1:40  Barracks x2  
  20  1:46  Barracks Tech Lab  
  20  1:53  Supply Depot  
  20  1:57  SCV  
  21  2:05  Engineering Bay  
  21  2:10  SCV  
  22  2:17  Marine  
  22  2:18  Stimpack  
  22  2:22  SCV  
  24  2:27  Marine  
  24  2:28  Marine  
  26  2:37  Marauder  
  26  2:38  SCV  
  26  2:43  Supply Depot  
  29  3:02  Command Center  
  29  3:08  Barracks Tech Lab, Barracks Reactor  
  29  3:11  SCV  
  30  3:14  Marine  
  30  3:17  Marine  
  32  3:21  Engineering Bay  
  32  3:26  SCV  
  33  3:27  Marine  
  33  3:31  Combat Shields  
  33  3:34  Marine  
  35  3:37  Marine  
  35  3:41  SCV  
  37  3:48  Supply Depot  
  37  3:51  Missile Turret  
  37  3:53  Marine  
  37  3:56  Barracks Reactor  
  37  4:00  Marauder  
  39  4:15  Marauder  
  39  4:16  SCV  
  39  4:17  Terran Infantry Weapons Level 1  
  39  4:32  Marauder  
  39  4:34  Marine x2  
  39  4:37  Orbital Command  
  43  4:41  Missile Turret  
  43  4:42  SCV  
  44  4:46  Refinery  
  44  4:54  SCV  
  44  4:57  Marine x3  
  44  4:59  Marine  
  49  5:05  SCV  
  49  5:06  SCV  
  51  5:09  Supply Depot  
  51  5:10  Concussive Shells  
  51  5:17  SCV  
  51  5:18  SCV  
  51  5:20  Marine x2  
  55  5:29  SCV  
  55  5:30  Factory  
  55  5:32  Marine x2  
  58  5:36  SCV  
  58  5:37  Marine  
  58  5:38  Marine  
  58  5:41  SCV  
  62  5:48  SCV  
  62  5:49  Marine x2  
  60  5:53  SCV  
  60  5:55  Marine  
  64  5:59  Barracks  
  64  6:00  SCV  
  64  6:01  Barracks  
  65  6:10  SCV  
  66  6:13  SCV, Terran Infantry Armor Level 1  
  66  6:15  Supply Depot x2  
  67  6:22  SCV  
  67  6:24  Starport, Factory Reactor  
  69  6:25  Marine  
  69  6:26  Marauder  
  70  6:36  SCV, Marine  
  70  6:37  Marauder  
  70  6:38  SCV  
  75  6:40  Refinery  
  75  6:42  Refinery  
  75  6:43  Marine  
  75  6:46  Marine  
  77  6:47  Supply Depot  
  77  6:48  Barracks Tech Lab  
  77  6:49  SCV  
  77  6:50  Barracks Tech Lab  
  77  6:51  SCV, Supply Depot  
  79  6:58  Marine x2  
  79  7:01  SCV  
  82  7:04  SCV  
  82  7:08  Medivac  
  85  7:09  Medivac  
  85  7:11  Ghost Academy  
  85  7:15  Supply Depot  
  87  7:18  Supply Depot  
  87  7:24  Marauder x2  
  87  7:25  Marine  
  87  7:27  Marine  
  87  7:29  SCV  
  94  7:30  SCV  
  95  7:38  Medivac  
  95  7:39  Medivac, Marine  
  100  7:44  Ghost  
  102  7:51  Marine x4  
  102  7:56  Supply Depot  
  106  8:00  Ghost  
  108  8:07  SCV x2  
  108  8:09  Marine x3, Ghost  
  115  8:13  Marine  
  116  8:27  Marine x3  
  116  8:29  Marauder  
  116  8:31  Marine  
  122  8:40  Marauder  
  125  8:44  Marine  
  125  8:45  Marine  
  123  8:52  Marine  
Tags
 
Add a new tag
Caveats
  • Supply blocks, unpowered buildings, or Contaminate may cause inaccurate times.
  • Supply counts are checked every 10 seconds.